[Event "Titled Tuesday Blitz April 11 Early 2023"]
[White "Sai Han Thiha"]
[Black "De Souza, Cristiano Gomes"]
[WhiteFideId "13012290"]
[BlackFideId "2151758"]
[WhiteElo "1954"]
[BlackElo "2068"]
[Result "0-1"]
[Round "09"]
[TimeControl "180+2"]
[Date "2023.04.11"]
[WhiteClock "0:00:01"]
[BlackClock "0:00:43"]

1. d4 Nf6 2. c4 g6 3. Nc3 Bg7 4. e4 d6 5. Nf3 O-O 6. Be2 e5 7. Be3 Ng4 8. Bg5 f6 9. Bc1 Nd7 10. O-O h5 11. d5 Nh6 12. Ne1 f5 13. exf5 Nxf5 14. Nf3 Nf6 15. Bd3 Qe8 16. Ng5 Nh7 17. Nge4 Nd4 18. Be3 Nf6 19. f3 Bf5 20. Rc1 Nxe4 21. Bxe4 Bxe4 22. Nxe4 Nf5 23. Qd3 Kh7 24. Ng5+ Kh8 25. Ne6 Rf7 26. Bg5 Bf6 27. Bd2 Ng7 28. Qxg6 Nxe6 29. Qxh5+ Rh7 30. Qf5 Bg7 31. dxe6 Qe7 32. c5 Rf8 33. Qg4 Bf6 34. cxd6 cxd6 35. Rc4 Rh4 36. Qxh4+ Bxh4 37. Rfc1 Bf6 38. Rc7 Qxe6 39. Rxb7 Rf7 40. Rb8+ Kh7 41. Rcc8 e4 42. fxe4 Bd4+ 43. Kh1 Rf1# 0-1


[Site "https://www.chess.com"]

[Event "Titled Tuesday Blitz April 11 Early 2023"]
[White "Vaibhav, Suri"]
[Black "Namitbir Singh Walia"]
[WhiteFideId "5045185"]
[BlackFideId "35071068"]
[WhiteElo "2510"]
[BlackElo "2239"]
[Result "1-0"]
[Round "09"]
[TimeControl "180+2"]
[Date "2023.04.11"]
[WhiteClock "0:01:22"]
[BlackClock "0:00:03"]

1. c4 Nf6 2. Nf3 g6 3. g3 Bg7 4. Bg2 O-O 5. O-O c5 6. Nc3 Nc6 7. e4 d6 8. d3 Bd7 9. h3 a6 10. Rb1 b5 11. b3 Qb6 12. Bb2 Rfb8 13. Re1 Qa5 14. Qc1 e6 15. e5 dxe5 16. Nxe5 Nxe5 17. Rxe5 Qc7 18. Bxa8 Qxe5 19. Nd5 Qh5 20. Nxf6+ Bxf6 21. Qf4 e5 22. Qxf6 Rxa8 23. Bxe5 Kf8 24. Re1 1-0


[Site "https://www.chess.com"]

[Event "Titled Tuesday Blitz April 11 Early 2023"]
[White "Minko, Dmitry"]
[Black "Samunenkov, Ihor"]
[WhiteFideId "24188468"]
[BlackFideId "14187086"]
[WhiteElo "2147"]
[BlackElo "2457"]
[Result "0-1"]
[Round "09"]
[TimeControl "180+2"]
[Date "2023.04.11"]
[WhiteClock "0:00:15"]
[BlackClock "0:00:32"]

1. e4 c5 2. Nf3 Nc6 3. d4 cxd4 4. Nxd4 Nf6 5. Nc3 e5 6. Ndb5 d6 7. a4 a6 8. Na3 Bg4 9. f3 Be6 10. Bc4 Nb4 11. Bxe6 fxe6 12. O-O Be7 13. Nc4 Rc8 14. Qe2 Qc7 15. Ne3 O-O 16. Rd1 Rfd8 17. Kh1 Kh8 18. a5 d5 19. exd5 exd5 20. Na4 Nxc2 21. Nxc2 Qxc2 22. Rd2 Qf5 23. Nb6 Rc6 24. Qd1 d4 25. Re2 d3 26. Re1 Rxc1 27. Qxc1 d2 28. Qc7 dxe1=Q+ 29. Rxe1 Qe6 30. Qxb7 Bb4 31. Rc1 Bxa5 32. Nc4 Qxc4 0-1


[Site "https://www.chess.com"]

[Event "Titled Tuesday Blitz April 11 Early 2023"]
[White "Mirzoev, Azer"]
[Black "Sowul, Bartosz"]
[WhiteFideId "13400304"]
[BlackFideId "1137590"]
[WhiteElo "2525"]
[BlackElo "2188"]
[Result "1-0"]
[Round "09"]
[TimeControl "180+2"]
[Date "2023.04.11"]
[WhiteClock "0:00:21"]
[BlackClock "0:00:06"]

1. c4 Nf6 2. Nc3 d5 3. cxd5 Nxd5 4. Nf3 g6 5. h4 Bg7 6. h5 Nc6 7. Qa4 Nb6 8. Qh4 Bf5 9. hxg6 fxg6 10. d3 Qd7 11. Bd2 O-O-O 12. O-O-O Kb8 13. g3 e5 14. Bh3 Nd4 15. Bxf5 gxf5 16. Qh5 Na4 17. Kb1 Nxc3+ 18. Bxc3 Nxe2 19. Bxe5 Bxe5 20. Nxe5 Nc3+ 21. Ka1 Qd5 22. bxc3 Qxe5 23. d4 Qa5 24. Rd3 Rhe8 25. Rb1 Re6 26. Qf3 b6 27. Re3 Rde8 28. Rbe1 Re4 29. Rxe4 fxe4 30. Qe3 Qa3 31. Rb1 Rd8 32. Rb3 Qe7 33. Rb5 Qd7 34. Re5 Qa4 35. Rxe4 Qd1+ 36. Kb2 Rd5 37. Re5 1-0


[Site "https://www.chess.com"]

[Event "Titled Tuesday Blitz April 11 Early 2023"]
[White "Chernov, Mikhail"]
[Black "Matinian, Nikita"]
[WhiteFideId "24143170"]
[BlackFideId "24129100"]
[WhiteElo "2113"]
[BlackElo "2422"]
[Result "1-0"]
[Round "09"]
[TimeControl "180+2"]
[Date "2023.04.11"]
[WhiteClock "0:00:07"]
[BlackClock "0:01:20"]

1. d4 Nf6 2. Nc3 d5 3. Bf4 c6 4. e3 g6 5. h4 h5 6. Nf3 Bg4 7. Be2 Nbd7 8. Ne5 Bxe2 9. Qxe2 Rc8 10. O-O-O b5 11. f3 b4 12. Na4 Qa5 13. b3 Nb6 14. Nc5 Qxa2 15. Qa6 Qxa6 16. Nxa6 e6 17. Nd3 Nfd7 18. Ndxb4 c5 19. dxc5 Nxc5 20. Nxc5 Bxc5 21. Nd3 Be7 22. Be5 f6 23. Bb2 e5 24. Kb1 Kf7 25. e4 d4 26. f4 Bd6 27. Rhf1 Ke6 28. Rf3 a5 29. Rdf1 Rhf8 30. f5+ gxf5 31. Rxf5 a4 32. Rxh5 axb3 33. cxb3 Nd7 34. g4 Rb8 35. Nc1 Nc5 36. g5 Nxe4 37. Rg1 Rfc8 38. g6 Nd2+ 39. Ka1 Ra8+ 40. Na2 Nxb3+ 41. Kb1 Nd2+ 42. Ka1 Rxa2+ 43. Kxa2 Ra8+ 44. Ba3 Rxa3+ 45. Kb2 Nc4+ 46. Kc2 d3+ 47. Kb1 Rb3+ 48. Ka2 Rb2+ 49. Ka1 Bc5 50. g7 Rb3 51. g8=Q+ Kd6 52. Qxc4 1-0


[Site "https://www.chess.com"]

[Event "Titled Tuesday Blitz April 11 Early 2023"]
[White "Manukian, Artak"]
[Black "Idani, Pouya"]
[WhiteFideId "13301373"]
[BlackFideId "12510130"]
[WhiteElo "2130"]
[BlackElo "2574"]
[Result "0-1"]
[Round "09"]
[TimeControl "180+2"]
[Date "2023.04.11"]
[WhiteClock "0:00:06"]
[BlackClock "0:01:12"]

1. e4 c5 2. Nf3 d6 3. Bb5+ Nd7 4. O-O a6 5. Bd3 Ngf6 6. Re1 e6 7. a4 b6 8. c3 Bb7 9. Bc2 Be7 10. d4 Qc7 11. e5 dxe5 12. dxe5 Nd5 13. Na3 Nf8 14. h4 Ng6 15. h5 Ngf4 16. Nh2 Rd8 17. Qg4 g6 18. Bxf4 gxh5 19. Qg7 Kd7 20. Rad1 Rhg8 21. Qxh7 Kc8 22. Rxd5 Bxd5 23. Be4 Rh8 24. Qxf7 Rdf8 25. Bxd5 Rxf7 26. Bxe6+ Kb8 27. Bxf7 Rf8 28. Bg3 Rxf7 29. e6 Rf4 0-1


[Site "https://www.chess.com"]

[Event "Titled Tuesday Blitz April 11 Early 2023"]
[White "Rios Escobar, Adan"]
[Black "Manukyan, Sargis A."]
[WhiteFideId "3403645"]
[BlackFideId "13303970"]
[WhiteElo "2452"]
[BlackElo "2187"]
[Result "1-0"]
[Round "09"]
[TimeControl "180+2"]
[Date "2023.04.11"]
[WhiteClock "0:01:14"]
[BlackClock "0:00:45"]

1. d4 d5 2. g3 e6 3. Nf3 Nf6 4. Bg2 Be7 5. c4 O-O 6. O-O dxc4 7. Qc2 a6 8. a4 c5 9. dxc5 Bxc5 10. Qxc4 Qe7 11. Nc3 Nbd7 12. Qh4 h6 13. h3 Rb8 14. a5 b5 15. axb6 Bxb6 16. g4 Bb7 17. g5 hxg5 18. Bxg5 a5 19. Rad1 Qb4 20. Nd4 Bxg2 21. Kxg2 Bxd4 22. Rxd4 Qxb2 23. Ne4 Nxe4 24. Rxe4 Qb7 25. f3 f6 26. Bh6 gxh6 27. Qxh6 Ne5 28. Rg1 Qh7 29. Kh2+ Ng4+ 30. Rexg4+ Kh8 31. Qxh7+ Kxh7 32. Rh4# 1-0


[Site "https://www.chess.com"]

[Event "Titled Tuesday Blitz April 11 Early 2023"]
[White "Melikhov, Evgeny V."]
[Black "Mendez Fortes, Eduardo Jesus"]
[WhiteFideId "4122046"]
[BlackFideId "3502376"]
[WhiteElo "2158"]
[BlackElo "2307"]
[Result "1-0"]
[Round "09"]
[TimeControl "180+2"]
[Date "2023.04.11"]
[WhiteClock "0:00:12"]
[BlackClock "0:00:02"]

1. d4 Nf6 2. c4 e6 3. Nc3 Bb4 4. Qc2 O-O 5. e4 d5 6. e5 Ne4 7. Bd3 c5 8. Nf3 cxd4 9. Nxd4 Nd7 10. Bf4 Qh4 11. g3 Qh5 12. O-O Bxc3 13. bxc3 Ndc5 14. f3 Nxd3 15. Qxd3 Nc5 16. Qe2 dxc4 17. Qxc4 b6 18. Nb5 Ba6 19. a4 Rac8 20. Qe2 Qg6 21. Ra3 Nd3 22. Qe3 Nxf4 23. Qxf4 Rfd8 24. c4 Qc2 25. Nd6 Rc7 26. Rc1 Qb2 27. Rac3 Rcd7 28. R1c2 Qa1+ 29. Qc1 Qxa4 30. Ra3 Qb4 31. Rxa6 Qc5+ 32. Kg2 Qxe5 33. Ne4 f5 34. Nf2 Qc5 35. Raa2 Kh8 36. Rd2 Qc6 37. Rxd7 Qxd7 38. Qe3 Re8 39. Rd2 Qc6 40. Qd4 a5 41. Qd7 Qa8 42. Nd3 a4 43. Ne5 a3 44. Qf7 Rf8 45. Qh5 Kg8 46. Rd7 Qc8 47. Qg5 g6 48. Qe7 Qxd7 49. Nxd7 Ra8 50. Nf6+ 1-0


[Site "https://www.chess.com"]

[Event "Titled Tuesday Blitz April 11 Early 2023"]
[White "Belov, Alexei"]
[Black "Mazurkiewicz, Michal"]
[WhiteFideId "4128206"]
[BlackFideId "1124943"]
[WhiteElo "2617"]
[BlackElo "2054"]
[Result "0-1"]
[Round "09"]
[TimeControl "180+2"]
[Date "2023.04.11"]
[WhiteClock "0:00:05"]
[BlackClock "0:00:04"]

1. e4 d6 2. d4 Nf6 3. Nc3 c6 4. Nf3 Bg4 5. a4 e6 6. h3 Bh5 7. Bd3 d5 8. Be3 Be7 9. e5 Nfd7 10. Ne2 Bxf3 11. gxf3 c5 12. c3 Nc6 13. f4 g6 14. Bb5 Rc8 15. O-O c4 16. b4 O-O 17. a5 a6 18. Ba4 f5 19. Kg2 Kh8 20. Ng1 g5 21. fxg5 Bxg5 22. Nf3 Bxe3 23. fxe3 Rg8+ 24. Kh2 Qe8 25. Rg1 Qh5 26. Qe2 Rg4 27. Rxg4 fxg4 28. Ng1 Rg8 29. Rf1 Ndxe5 30. dxe5 Nxe5 31. Bd1 Nf3+ 32. Rxf3 gxf3 33. Qxf3 Qg6 34. Ne2 Qg7 35. Nd4 Rf8 36. Qg4 Rf2+ 37. Kh1 Rf1+ 38. Kh2 Qxg4 39. Bxg4 Rc1 40. Bxe6 Rxc3 41. Bxd5 Rxe3 42. Bxb7 c3 43. Bxa6 Re4 44. Bd3 Rxd4 45. Bf5 Rxb4 46. a6 Ra4 47. Bd3 Rxa6 48. Bxa6 c2 49. Kg3 c1=Q 0-1


[Site "https://www.chess.com"]

[Event "Titled Tuesday Blitz April 11 Early 2023"]
[White "Safin, Robert"]
[Black "Yurasova, Daria"]
[WhiteFideId "34189120"]
[BlackFideId "34146919"]
[WhiteElo "2245"]
[BlackElo "2134"]
[Result "0-1"]
[Round "09"]
[TimeControl "180+2"]
[Date "2023.04.11"]
[WhiteClock "0:00:01"]
[BlackClock "0:00:03"]

1. e4 e5 2. Nf3 Nc6 3. Bb5 a6 4. Bxc6 dxc6 5. d4 exd4 6. Qxd4 Qxd4 7. Nxd4 Nf6 8. Nc3 Bb4 9. f3 O-O 10. Be3 c5 11. Ne2 c4 12. Kf2 b5 13. g4 Bb7 14. a4 Bc6 15. Nd4 Bxc3 16. bxc3 Bd7 17. a5 Rfc8 18. Rhd1 c5 19. Nf5 Bxf5 20. gxf5 b4 21. Rd6 Kf8 22. Rb1 Ne8 23. Rb6 bxc3 24. Ra1 Ke7 25. Ra3 Nd6 26. Rxc3 Rab8 27. Bxc5 Rxb6 28. Bxb6 Nb5 29. Re3 c3 30. e5 Rc4 31. Kg3 h5 32. f4 h4+ 33. Kf3 Ra4 34. e6 fxe6 35. Rxe6+ Kf7 36. Rc6 Ra2 37. Rc4 Rxc2 38. Re4 Rxh2 39. Rc4 c2 40. Be3 Na3 41. Rc7+ Kg8 0-1


[Site "https://www.chess.com"]

[Event "Titled Tuesday Blitz April 11 Early 2023"]
[White "Janaszak, Dawid"]
[Black "Avazkhonov, Alikhon"]
[WhiteFideId "1119206"]
[BlackFideId "14208504"]
[WhiteElo "2220"]
[BlackElo "1739"]
[Result "1-0"]
[Round "09"]
[TimeControl "180+2"]
[Date "2023.04.11"]
[WhiteClock "0:00:14"]
[BlackClock "0:00:02"]

1. e4 c5 2. Nc3 g6 3. Bc4 Bg7 4. h4 h5 5. Qf3 e6 6. d4 cxd4 7. Nb5 d6 8. Bf4 Be5 9. Bxe5 dxe5 10. Qa3 Qe7 11. Nd6+ Kd7 12. Nxf7 Qxf7 13. Nf3 Nc6 14. O-O-O Qe7 15. Qa4 Kc7 16. c3 Nf6 17. Ng5 Rd8 18. Kb1 Bd7 19. f4 exf4 20. cxd4 Qb4 21. Qc2 Rac8 22. a3 Qe7 23. d5 exd5 24. exd5 Nxd5 25. Rxd5 Bf5 26. Rxf5 gxf5 27. Ne6+ Kb8 28. Nxd8 Nxd8 29. Rc1 Qe4 30. Ka2 Nc6 31. Qd1 Rd8 32. Qf1 Rd2 33. Bb3 a5 34. Rc4 Qe2 35. Qc1 Qxg2 36. Rxf4 Nd4 37. Bd5 a4 38. Bxg2 Rxg2 39. Rxd4 1-0


[Site "https://www.chess.com"]

[Event "Titled Tuesday Blitz April 11 Early 2023"]
[White "Mazarini41"]
[Black "Berezin, Viktor"]
[BlackFideId "14107872"]
[WhiteElo "2426"]
[BlackElo "2310"]
[Result "0-1"]
[Round "09"]
[TimeControl "180+2"]
[Date "2023.04.11"]
[WhiteClock "0:00:01"]
[BlackClock "0:01:08"]

1. d4 Nf6 2. c4 g6 3. Nf3 Bg7 4. g3 O-O 5. Bg2 d6 6. O-O Nc6 7. Nc3 a6 8. b3 Rb8 9. Bb2 b5 10. cxb5 axb5 11. d5 Na7 12. b4 c6 13. e4 Bg4 14. Qb3 Bxf3 15. Bxf3 Nd7 16. Be2 Qb6 17. dxc6 Nxc6 18. Nd5 Qb7 19. Bxg7 Kxg7 20. Rfc1 Rfc8 21. Qb2+ f6 22. Bg4 Nce5 23. Rxc8 Rxc8 24. Bxd7 Qxd7 25. f4 Nc4 26. Qd4 e5 27. Qf2 Rf8 28. Rf1 Rf7 29. Qe2 Qa7+ 30. Kh1 Qd4 31. f5 Nd2 32. Re1 gxf5 33. Ne3 Qxe4+ 34. Qg2 Qxg2+ 35. Kxg2 Kg6 36. Rd1 Ne4 37. Nd5 Ra7 38. Ra1 Kf7 0-1


[Site "https://www.chess.com"]

[Event "Titled Tuesday Blitz April 11 Early 2023"]
[White "Garv Gaur"]
[Black "Dwilewicz, Katarzyna"]
[WhiteFideId "45030839"]
[BlackFideId "1148486"]
[WhiteElo "2068"]
[BlackElo "2065"]
[Result "1-0"]
[Round "09"]
[TimeControl "180+2"]
[Date "2023.04.11"]
[WhiteClock "0:01:00"]
[BlackClock "0:00:01"]

1. Nf3 Nf6 2. b3 g6 3. Bb2 Bg7 4. g3 O-O 5. Bg2 d5 6. O-O Nbd7 7. d3 Re8 8. c4 c6 9. Nbd2 e5 10. e3 e4 11. dxe4 dxe4 12. Nd4 Nc5 13. Qc2 Nd3 14. Bc3 c5 15. Ne2 Bg4 16. Nf4 Nxf4 17. gxf4 Be2 18. Rfe1 Bd3 19. Qb2 Qe7 20. Rad1 Rad8 21. Nf1 h5 22. h3 Rd6 23. f5 Qd7 24. Be5 Rb6 25. Ng3 Qe7 26. Bc3 h4 27. Ne2 gxf5 28. Nf4 Bxc4 29. Rd2 Rd8 30. Rxd8+ Qxd8 31. Ba5 Rxb3 32. axb3 Qxa5 33. Ra1 Qb4 34. Qe5 Qxb3 35. Rxa7 Qd1+ 36. Kh2 Bf1 37. Ra8+ Kh7 38. Qxf5+ Kh6 39. Bxe4 Qe1 40. Ra2 Nxe4 41. Qh5# 1-0


[Site "https://www.chess.com"]

[Event "Titled Tuesday Blitz April 11 Early 2023"]
[White "Turzo, Attila"]
[Black "Koridze, Lile"]
[WhiteFideId "704954"]
[BlackFideId "13612514"]
[WhiteElo "2493"]
[BlackElo "2047"]
[Result "0-1"]
[Round "09"]
[TimeControl "180+2"]
[Date "2023.04.11"]
[WhiteClock "0:00:01"]
[BlackClock "0:01:29"]

1. e4 c5 2. Nc3 d6 3. Bb5+ Nd7 4. f4 g6 5. Nf3 Bg7 6. O-O e6 7. e5 d5 8. d4 Ne7 9. dxc5 O-O 10. Be3 Qc7 11. b4 b6 12. Bxd7 Bxd7 13. Qd2 Rfc8 14. a4 bxc5 15. Bxc5 Nc6 16. Ne2 a5 17. c3 Qb7 18. Rfb1 Nd8 19. bxa5 Qa6 20. Bb6 Nc6 21. Rb5 Ne7 22. Ned4 Bxb5 23. axb5 Qb7 24. h3 Qxb6 25. axb6 Rxa1+ 26. Kh2 Rb8 27. Qb2 Raa8 28. Nc6 Rb7 29. Nfd4 Bf8 30. g4 Rxb6 31. f5 Nxc6 32. Nxc6 Rc8 33. fxe6 Rcxc6 34. exf7+ Kg7 35. c4 Rxc4 36. e6+ d4 37. Qe2 Rc5 38. Qe4 Bd6+ 39. Kg2 Be5 0-1


[Site "https://www.chess.com"]

[Event "Titled Tuesday Blitz April 11 Early 2023"]
[White "Leenhouts, Koen"]
[Black "Dishman, Stephen"]
[WhiteFideId "1008439"]
[BlackFideId "403024"]
[WhiteElo "2409"]
[BlackElo "2204"]
[Result "1-0"]
[Round "09"]
[TimeControl "180+2"]
[Date "2023.04.11"]
[WhiteClock "0:00:51"]
[BlackClock "0:00:01"]

1. d4 d5 2. c4 e6 3. Nf3 Nf6 4. g3 dxc4 5. Bg2 a6 6. O-O Nc6 7. e3 Rb8 8. Nfd2 e5 9. Bxc6+ bxc6 10. dxe5 Ng4 11. Nxc4 Be6 12. Nbd2 Bb4 13. b3 h5 14. Bb2 h4 15. Nf3 hxg3 16. Qxd8+ Rxd8 17. hxg3 Bd5 18. Nh4 g5 19. e6 Rh5 20. exf7+ Kxf7 21. f3 Nf6 22. Ne5+ Ke6 23. Ng2 Bc5 24. Nd3 Bb6 25. Kf2 Rf8 26. Ngf4+ gxf4 27. Nxf4+ Kf7 28. Bxf6 Rh2+ 29. Kg1 Rc2 30. Bd4 Bxd4 31. exd4 Rh8 32. Nxd5 cxd5 33. Rf2 Rxf2 34. Kxf2 Rh2+ 35. Ke3 Ke6 36. g4 Kd6 37. g5 Rg2 38. Kf4 a5 39. Kf5 Ke7 40. g6 1-0


[Site "https://www.chess.com"]

[Event "Titled Tuesday Blitz April 11 Early 2023"]
[White "Hadzimanolis, Antonios"]
[Black "morozcoma"]
[WhiteFideId "4202813"]
[WhiteElo "2242"]
[BlackElo "2288"]
[Result "1-0"]
[Round "09"]
[TimeControl "180+2"]
[Date "2023.04.11"]
[WhiteClock "0:00:32"]
[BlackClock "0:00:40"]

1. e4 e5 2. Nf3 Nc6 3. Bb5 a6 4. Ba4 Nf6 5. O-O Nxe4 6. d4 b5 7. Bb3 d5 8. a4 b4 9. dxe5 Be6 10. a5 Nc5 11. Bg5 Qd7 12. Nbd2 h6 13. Bh4 Bg4 14. h3 Bh5 15. Qe2 Nd4 16. Qd1 Ncxb3 17. cxb3 Bc5 18. Rc1 Ba7 19. g4 Nxf3+ 20. Nxf3 Bg6 21. Qd2 c5 22. Rfd1 d4 23. Ne1 h5 24. g5 Qxh3 25. Qf4 Qg4+ 26. Bg3 Qxf4 27. Bxf4 O-O 28. Nd3 Bxd3 29. Rxd3 Rad8 30. Kg2 Rd5 31. Kf3 Rfd8 32. Ke4 g6 33. Bg3 Kf8 34. f4 Ke7 35. Rf1 Ke6 36. f5+ gxf5+ 37. Rxf5 c4 38. bxc4 Rxa5 39. Rf6+ Ke7 40. Rdf3 Rf8 41. g6 d3 42. g7 Rg8 43. Rxf7+ Ke8 44. Rf8+ Ke7 45. Rxg8 d2 46. Rd3 1-0


[Site "https://www.chess.com"]

[Event "Titled Tuesday Blitz April 11 Early 2023"]
[White "Lopez, Henry"]
[Black "Palacio,Igor Da Paz"]
[WhiteFideId "5203830"]
[BlackFideId "2121140"]
[WhiteElo "2177"]
[BlackElo "2126"]
[Result "1-0"]
[Round "09"]
[TimeControl "180+2"]
[Date "2023.04.11"]
[WhiteClock "0:01:16"]
[BlackClock "0:00:02"]

1. d4 Nf6 2. Nf3 g6 3. c4 Bg7 4. Nc3 d6 5. h4 O-O 6. e4 h6 7. Be2 c5 8. d5 e6 9. Bf4 exd5 10. exd5 Na6 11. Qd2 Kh7 12. Ng5+ Kg8 13. Nge4 Nxe4 14. Nxe4 Qe7 15. Nxd6 Nb4 16. Nxc8 Raxc8 17. Kf1 Kh7 18. a3 Na6 19. Bd3 Qf6 20. Rb1 Nc7 21. h5 Rh8 22. hxg6+ fxg6 23. Re1 Kg8 24. Rh3 g5 25. Be5 Qf7 26. Rf3 Qh5 27. Kg1 Ne8 28. Bf5 Rd8 29. Be6+ Kh7 30. Qd3+ Qg6 31. Bf5 1-0


[Site "https://www.chess.com"]

[Event "Titled Tuesday Blitz April 11 Early 2023"]
[White "Kopczynski, Michal"]
[Black "mjelcic"]
[WhiteFideId "1124200"]
[WhiteElo "2212"]
[BlackElo "2268"]
[Result "1-0"]
[Round "09"]
[TimeControl "180+2"]
[Date "2023.04.11"]
[WhiteClock "0:00:46"]
[BlackClock "0:00:38"]

1. e4 e5 2. Nf3 Nc6 3. Bb5 a6 4. Ba4 Nf6 5. d3 Be7 6. O-O O-O 7. Re1 d6 8. h3 Be6 9. Nbd2 b5 10. Bb3 Bxb3 11. axb3 Nh5 12. Nf1 Nf4 13. d4 f5 14. dxe5 dxe5 15. Qxd8 Bxd8 16. exf5 Rxf5 17. Ng3 Nxh3+ 18. Kh2 Rxf3 19. gxf3 Ng5 20. Kg2 a5 21. Bd2 b4 22. Ne4 Ne6 23. c3 Rb8 24. cxb4 axb4 25. Ra6 Ned4 26. Be3 Be7 27. Rc1 Rb6 28. Rxb6 cxb6 29. f4 exf4 30. Bxf4 Na5 31. Bd6 Bxd6 32. Nxd6 Naxb3 33. Rc8# 1-0


[Site "https://www.chess.com"]

[Event "Titled Tuesday Blitz April 11 Early 2023"]
[White "Moussard, Jules"]
[Black "Fuzesabonyilaci"]
[WhiteFideId "642908"]
[WhiteElo "2610"]
[BlackElo "2340"]
[Result "1-0"]
[Round "09"]
[TimeControl "180+2"]
[Date "2023.04.11"]
[WhiteClock "0:01:22"]
[BlackClock "0:00:40"]

1. c4 e5 2. Nc3 g6 3. h4 h5 4. Nf3 Bg7 5. d3 Nc6 6. Bg5 f6 7. Bd2 d6 8. g3 Bg4 9. Bg2 Nge7 10. O-O Qd7 11. Rb1 Bh6 12. Ne4 Kf7 13. Bc3 Rhg8 14. b4 Bh3 15. b5 Nd8 16. c5 d5 17. Nxf6 Kxf6 18. Nxe5 Qc8 19. Nd7+ Kf7 20. Bxh3 Nf5 21. c6 Ne6 22. e4 Ne7 23. Qf3+ Nf4 24. gxf4 bxc6 1-0


[Site "https://www.chess.com"]

[Event "Titled Tuesday Blitz April 11 Early 2023"]
[White "Gurevich, Dmitry"]
[Black "Smith, Garrett L"]
[WhiteFideId "2000407"]
[BlackFideId "2024829"]
[WhiteElo "2506"]
[BlackElo "2326"]
[Result "1/2-1/2"]
[Round "09"]
[TimeControl "180+2"]
[Date "2023.04.11"]
[WhiteClock "0:00:19"]
[BlackClock "0:00:19"]

1. d4 Nf6 2. c4 g6 3. Nc3 d5 4. Nf3 Bg7 5. cxd5 Nxd5 6. Bd2 O-O 7. Rc1 b6 8. Nxd5 Qxd5 9. Rxc7 Nc6 10. Qc1 Nxd4 11. Nxd4 Qxd4 12. Bc3 Qd6 13. Bxg7 Kxg7 14. Rc6 Qb4+ 15. Qc3+ Qxc3+ 16. Rxc3 Be6 17. b3 Rac8 18. Rxc8 Rxc8 19. Kd2 Bf5 20. Kd1 Bb1 21. e3 Bxa2 22. Bc4 b5 23. Bxb5 Bxb3+ 24. Ke2 Rc2+ 25. Kf3 a5 26. Ra1 Ra2 27. Rc1 Be6 28. Rc7 Kf6 29. h4 h5 30. Ra7 Bd5+ 31. Kg3 e5 32. Ra6+ Be6 33. Bc4 Ra3 34. Bxe6 fxe6 35. Kf3 Ra1 36. g3 a4 37. Ke4 a3 38. Ra5 Rf1 39. Kf3 Ra1 40. Ke4 Rf1 41. Kf3 Ra1 42. Ke4 1/2-1/2


[Site "https://www.chess.com"]

[Event "Titled Tuesday Blitz April 11 Early 2023"]
[White "Novikova, Galina"]
[Black "Novikov, Evgenij"]
[WhiteFideId "4157095"]
[BlackFideId "4125380"]
[WhiteElo "1953"]
[BlackElo "2242"]
[Result "0-1"]
[Round "09"]
[TimeControl "180+2"]
[Date "2023.04.11"]
[WhiteClock "0:00:16"]
[BlackClock "0:00:04"]

1. e4 c6 2. d4 d5 3. e5 Bf5 4. Nc3 e6 5. g4 Bg6 6. Nge2 f6 7. h4 Bf7 8. Be3 fxe5 9. dxe5 Nd7 10. f4 c5 11. Bf2 Ne7 12. Qd2 Nc6 13. O-O-O Qa5 14. Kb1 O-O-O 15. Bg2 Nb6 16. b3 d4 17. Ne4 Nb4 18. Nc1 N6d5 19. Rh3 Be7 20. h5 h6 21. Bf1 Be8 22. f5 Rf8 23. Nd6+ Rxd6 24. exd6 Bxd6 25. fxe6 Bf4 26. Qe2 Bxc1 27. Kxc1 Nxa2+ 28. Kb2 Nac3 29. Ra1 Qxa1+ 30. Kxa1 Nxe2 31. Bxe2 Rxf2 32. Bc4 Bc6 33. Rh1 Kd8 34. Re1 Ke7 35. Re5 Nb4 36. Rxc5 Nxc2+ 37. Kb2 Ne3+ 38. Ka3 Nxc4+ 39. Rxc4 Rf4 40. Rc1 Kxe6 41. Re1+ Re4 42. Kb4 Rxe1 0-1


[Site "https://www.chess.com"]

[Event "Titled Tuesday Blitz April 11 Early 2023"]
[White "Forgacs, Attila Jr."]
[Black "Ward, Ieuan C"]
[WhiteFideId "773654"]
[BlackFideId "406627"]
[WhiteElo "2168"]
[BlackElo "2325"]
[Result "1/2-1/2"]
[Round "09"]
[TimeControl "180+2"]
[Date "2023.04.11"]
[WhiteClock "0:00:31"]
[BlackClock "0:00:05"]

1. a3 e5 2. e4 Nf6 3. Nc3 Bc5 4. Nf3 d6 5. h3 O-O 6. d3 h6 7. g4 Nh7 8. Bg2 Nc6 9. O-O a6 10. Ne2 Ne7 11. c3 Bb6 12. Ng3 Be6 13. d4 Ng6 14. Re1 Re8 15. d5 Bd7 16. Nf5 Bxf5 17. exf5 Nh4 18. Nxh4 Qxh4 19. Be3 Bxe3 20. Rxe3 Ng5 21. Qe2 f6 22. c4 a5 23. Rc1 b6 24. b4 axb4 25. axb4 Ra4 26. Rb3 Rea8 27. c5 Ra2 28. Rc2 Rxc2 29. Qxc2 bxc5 30. bxc5 dxc5 31. d6 Ra1+ 32. Kh2 cxd6 33. Rb8+ Kh7 34. Qb3 c4 35. Qxc4 Nf3+ 36. Bxf3 Qxf2+ 37. Bg2 Qg1+ 38. Kg3 Qe3+ 39. Kh4 Qg5+ 40. Kg3 Qe3+ 41. Kh2 Qg1+ 42. Kg3 Qe3+ 1/2-1/2


[Site "https://www.chess.com"]

[Event "Titled Tuesday Blitz April 11 Early 2023"]
[White "Sreyas Payyappat"]
[Black "Rose, Felix"]
[WhiteFideId "46674969"]
[BlackFideId "5105722"]
[WhiteElo "2083"]
[BlackElo "2039"]
[Result "1-0"]
[Round "09"]
[TimeControl "180+2"]
[Date "2023.04.11"]
[WhiteClock "0:00:54"]
[BlackClock "0:00:07"]

1. e4 c5 2. Nf3 g6 3. d4 cxd4 4. Nxd4 Nc6 5. Nc3 Bg7 6. Be3 Nf6 7. f4 O-O 8. e5 Ne8 9. Bc4 Nxd4 10. Bxd4 d6 11. O-O dxe5 12. fxe5 Nc7 13. Bc5 Qe8 14. Nd5 Nxd5 15. Bxd5 Bxe5 16. Qe2 Bxb2 17. Rab1 Bf6 18. Rbe1 Qd7 19. Qc4 Kg7 20. Rxf6 exf6 21. Bxf8+ Kxf8 22. Qc5+ Kg7 23. Re7 b6 24. Rxd7 bxc5 25. Rxf7+ Kg8 26. Rxf6+ Kg7 27. Rf7+ Kg8 28. Rxa7+ 1-0


[Site "https://www.chess.com"]

[Event "Titled Tuesday Blitz April 11 Early 2023"]
[White "Shapiro, Viktor"]
[Black "a-z30"]
[WhiteFideId "4175700"]
[WhiteElo "2152"]
[BlackElo "2320"]
[Result "1/2-1/2"]
[Round "09"]
[TimeControl "180+2"]
[Date "2023.04.11"]
[WhiteClock "0:01:03"]
[BlackClock "0:00:08"]

1. c4 d6 2. Nc3 e5 3. g3 Nf6 4. Bg2 g6 5. d3 Bg7 6. Rb1 O-O 7. Nf3 Nc6 8. b4 h6 9. O-O Be6 10. b5 Ne7 11. e4 Nd7 12. a4 f5 13. Ba3 f4 14. Nd5 g5 15. Nd2 Nf6 16. Re1 Qd7 17. Qc2 Nexd5 18. cxd5 Bh3 19. Rbc1 Rf7 20. f3 Bxg2 21. Kxg2 g4 22. Rf1 gxf3+ 23. Rxf3 Ng4 24. Nc4 fxg3 25. Rxf7 Qxf7 26. hxg3 Rf8 27. Qe2 Qh5 28. Rh1 Rf2+ 29. Qxf2 Qxh1+ 30. Kxh1 Nxf2+ 31. Kg2 Nxd3 32. Bxd6 cxd6 33. Nxd6 Nc5 34. a5 b6 35. a6 Bf8 36. Nc8 Nxe4 37. Nxa7 Nc3 38. d6 Bxd6 39. Nc8 Bb8 40. a7 Bxa7 41. Nxa7 Kf7 42. Kf3 Ke6 43. Ke3 Kd5 44. Kd3 Na4 45. Nc6 Nc5+ 46. Ke3 Nd7 47. g4 Kc5 48. Na7 Nf6 49. Kf3 Kd4 50. Nc6+ Kd3 51. Nxe5+ Kd4 52. Nf7 Kc5 53. Nxh6 Nxg4 54. Nxg4 Kxb5 55. Ne5 Kc5 56. Nd7+ Kc6 57. Nxb6 1/2-1/2


[Site "https://www.chess.com"]

[Event "Titled Tuesday Blitz April 11 Early 2023"]
[White "micke12a"]
[Black "Womacka, Mathias"]
[BlackFideId "4611390"]
[WhiteElo "2318"]
[BlackElo "2377"]
[Result "0-1"]
[Round "09"]
[TimeControl "180+2"]
[Date "2023.04.11"]
[WhiteClock "0:01:25"]
[BlackClock "0:00:58"]

1. e4 c5 2. Nc3 Nc6 3. Bb5 Nd4 4. Bc4 e6 5. Nf3 a6 6. O-O b5 7. Bb3 Nxf3+ 8. Qxf3 c4 9. e5 Rb8 10. d3 cxb3 11. axb3 Bb7 12. Qg3 Ne7 13. Bg5 Nf5 14. Qf4 f6 15. exf6 gxf6 16. Bxf6 Rg8 17. f3 Bd6 18. Be5 Qg5 19. Qxg5 Rxg5 20. Rae1 Kf7 21. Kh1 Bxe5 22. f4 Bxg2+ 0-1


[Site "https://www.chess.com"]